Map: [ESL] Moondance

Players

Cham

  • Race: Zerg Zerg
  • Spawn Location: 12:00

Creator - Winner!

  • Race: Protoss Protoss
  • Spawn Location: 6:00

Event: DreamHack SC2 Masters 2022 Atlanta (Offline)

VOD

Have the link to the VOD?

Description

Time

  • Played on: Nov. 18, 2022, 5:24 p.m.
  • Length: 7:32

All games in this series

Show
View Real Time Build Order
Export as new Build Order

Cham Zerg 

Build Orders: Hatch First 

Get SALT Encoding   

  12  0:00  Drone  
  13  0:12  Overlord  
  13  0:17  Drone  
  14  0:30  Drone x2  
  16  0:48  Hatchery  
  15  0:51  Drone  
  15  0:56  Drone  
  17  0:59  Drone  
  18  1:12  Spawning Pool  
  18  1:15  Extractor  
  18  1:16  Drone  
  17  1:24  Drone  
  18  1:28  Drone  
  19  1:39  Drone  
  20  1:50  Drone  
  21  1:59  Queen  
  21  2:00  Queen  
  25  2:02  Drone x2  
  27  2:13  Drone  
  27  2:14  Overlord  
  28  2:18  Metabolic Boost  
  28  2:33  Zergling x2  
  28  2:34  Zergling x2, Drone  
  28  2:35  Hatchery  
  30  2:41  Queen  
  32  2:44  Drone  
  32  2:47  Overlord  
  33  2:54  Drone x2  
  33  2:56  Drone  
  35  3:07  Queen  
  35  3:09  Drone x3  
  35  3:11  Drone  
  42  3:12  Drone  
  42  3:13  Drone  
  42  3:17  Drone  
  44  3:25  Overlord  
  44  3:31  Spore Crawler  
  44  3:32  Drone  
  44  3:35  Spore Crawler  
  44  3:36  Overlord  
  44  3:37  Drone  
  44  3:43  Queen  
  44  3:45  Drone x5  
  51  3:50  Drone x2  
  51  3:52  Zergling x2  
  54  3:58  Zergling x8  
  58  4:04  Zergling x2  
  58  4:05  Roach Warren  
  58  4:11  Spore Crawler, Overlord  
  58  4:12  Zergling x2  
  58  4:15  Zergling x4  
  59  4:22  Overlord  
  59  4:26  Overlord  
  59  4:28  Zergling x10  
  64  4:35  Overlord  
  64  4:44  Roach x4  
  64  4:45  Roach  
  73  4:46  Overlord  
  73  4:50  Overlord  
  73  4:52  Zergling x4  
  75  4:53  Extractor  
  75  4:55  Overlord  
  75  4:57  Zergling x2  
  75  4:58  Zergling x2  
  76  5:03  Overlord  
  76  5:04  Zergling x4  
  78  5:12  Zergling x2  
  78  5:13  Zergling x8  
  82  5:19  Zergling x4  
  82  5:21  Zergling x2  
  82  5:29  Ravager x2  
  82  5:30  Ravager  
  82  5:33  Zergling x16  
  93  5:38  Zergling x2  
  94  5:43  Zergling x8  
  94  5:49  Ravager  
  98  5:50  Zergling x10  
  98  5:52  Zergling x2  
  104  6:02  Drone  
  104  6:03  Drone x4  
  108  6:06  Lair  
  108  6:07  Drone  
  108  6:09  Drone  
  108  6:14  Drone  
  108  6:18  Drone, Extractor  
  103  6:19  Baneling Nest, Drone x2  
  103  6:21  Drone  
  103  6:23  Extractor  
  105  6:27  Drone x3  
  108  6:34  Drone x3  
  108  6:35  Drone  
  112  6:41  Overlord  
  112  6:43  Zergling x4  
  114  6:50  Roach x4  
  114  6:53  Overlord  
  122  7:02  Baneling x6, Overlord  
  122  7:05  Baneling x5  
  122  7:07  Zergling x2  
  122  7:08  Zergling x2  
  124  7:11  Zergling x2  
Show
View Real Time Build Order
Export as new Build Order

Creator Protoss - Winner!

Build Orders: 1 Gate Expand, Chargelot Immortal 

Get SALT Encoding   

  12  0:00  Probe  
  13  0:12  Probe  
  14  0:19  Pylon  
  14  0:24  Probe  
  15  0:37  Probe (Chrono Boost)  
  15  0:40  Gateway  
  16  0:47  Probe (Chrono Boost), Assimilator  
  17  0:52  Probe (Chrono Boost)  
  18  1:03  Probe  
  19  1:15  Probe  
  20  1:23  Nexus  
  20  1:31  Cybernetics Core  
  20  1:35  Probe  
  20  1:39  Assimilator  
  21  1:47  Probe  
  21  1:49  Pylon  
  22  1:59  Probe  
  23  2:05  Adept (Chrono Boost)  
  25  2:12  Probe (Chrono Boost)  
  26  2:17  Robotics Facility  
  26  2:19  Warp Gate  
  26  2:24  Probe (Chrono Boost)  
  27  2:31  Stalker  
  27  2:32  Probe (Chrono Boost)  
  27  2:36  Probe (Chrono Boost)  
  32  2:44  Probe (Chrono Boost)  
  32  2:46  Probe (Chrono Boost)  
  32  2:51  Probe (Chrono Boost)  
  34  2:52  Probe  
  35  3:02  Probe  
  35  3:04  Immortal, Probe  
  41  3:12  Sentry, Pylon  
  43  3:15  Probe  
  43  3:16  Probe  
  43  3:27  Probe  
  43  3:28  Probe  
  43  3:31  Gateway  
  45  3:42  Pylon  
  45  3:43  Warp Prism  
  45  3:45  Twilight Council  
  47  3:49  Probe  
  47  3:54  Forge  
  49  4:18  Gateway  
  49  4:19  Immortal (Chrono Boost), Gateway  
  49  4:21  Charge (Chrono Boost)  
  52  4:26  Protoss Ground Weapons Level 1 (Chrono Boost)  
  52  4:31  Gateway  
  52  4:33  Adept, Gateway  
  52  4:35  Adept  
  56  4:53  Pylon  
  56  4:55  Immortal (Chrono Boost)  
  56  4:56  Gateway  
  56  4:57  Gateway  
  60  5:02  Pylon  
  60  5:03  Pylon  
  60  5:06  Sentry  
  62  5:08  Pylon  
  62  5:14  Zealot  
  64  5:22  Pylon  
  64  5:25  Immortal (Chrono Boost)  
  68  5:30  Zealot  
  68  5:31  Zealot  
  72  5:36  Zealot  
  72  5:37  Zealot  
  72  5:40  Probe  
  77  5:51  Sentry  
  77  5:52  Zealot x3  
  77  5:55  Zealot x2  
  85  6:04  Zealot x2  
  89  6:16  Zealot x3  
  89  6:17  Sentry  
  89  6:18  Zealot x2  
  97  6:22  Observer  
  97  6:24  Pylon  
  100  6:35  Gateway  
  100  6:36  Photon Cannon  
  100  6:37  Pylon  
  100  6:47  Sentry  
  100  6:48  Zealot x2  
  100  6:49  Zealot  
  100  6:51  Sentry  
  110  6:55  Pylon  
  110  7:02  Zealot x2  
  114  7:08  Zealot x2  
  110  7:27  Zealot x3  
  110  7:28  Zealot x2  
Tags
 
Add a new tag
Caveats
  • Supply blocks, unpowered buildings, or Contaminate may cause inaccurate times.
  • Supply counts are checked every 10 seconds.